 Dungeon Crawl Stone Soup version 0.19.4-8-ga85b6b9 (webtiles) character file.

102676 vatarom the Blocker (level 15, -7/148 HPs)
             Began as a Deep Dwarf Fighter on Feb 9, 2017.
             Was the Champion of Makhleb.
             Mangled by a vampire knight
             ... wielding a +0 great mace
              (18 damage)
             ... while paralysed by Rupert
             ... on level 1 of the Depths.
             The game lasted 01:09:11 (22267 turns).

vatarom the Blocker (Deep Dwarf Fighter)           Turns: 22267, Time: 01:09:13

Health: -7/148     AC: 24    Str: 21    XL:     15   Next: 86%
Magic:  12/12      EV:  2    Int: 12    God:    Makhleb [******]
Gold:   273        SH:  0    Dex: 14    Spells: 0 memorised, 14 levels left

rFire  + . .     SeeInvis +     L - +1 war axe (chop)
rCold  + + .     Gourm    .     j - +3 plate armour {rC+}
rNeg   + . .     Faith    .     U - +2 shield {rF+}
rPois  .         Spirit   .     d - +0 helmet {SInv}
rElec  .         Reflect  .     F - +0 cloak
rCorr  .         Harm     .     (no gloves)
MR     ++...                    P - +0 pair of boots
Stlth  ..........               (no amulet)
                                E - ring of protection from cold
                                T - +3 ring of evasion

@: paralysed, non-regenerating
A: damage resistance, recharge devices, negative energy resistance 1, sense
surroundings 2, slow regeneration 3
a: Device Recharging, Minor Destruction, Lesser Servant of Makhleb, Major
Destruction, Greater Servant of Makhleb, Renounce Religion


You were on level 1 of the Depths.
You worshipped Makhleb.
Makhleb was exalted by your worship.
You were completely stuffed.

You visited 5 branches of the dungeon, and saw 25 of its levels.
You also visited: Labyrinth.

You collected 2246 gold pieces.
You spent 1973 gold pieces at shops.

Inventory:

Hand Weapons
 a - a +2 war axe of draining
 L - a +1 war axe of chopping (weapon)
Missiles
 y - 5 exploding tomahawks (quivered)
Armour
 d - a +0 helmet of see invisible (worn)
 j - a +3 plate armour of cold resistance (worn)
 F - a +0 cloak (worn)
 P - a +0 pair of boots (worn)
 U - a +2 shield of fire resistance (worn)
Rods
 J - a +4 lightning rod (13/13)
   (You found it in a labyrinth)
Jewellery
 i - a +2 ring of dexterity
 x - an uncursed ring of positive energy
 E - a ring of protection from cold (right hand)
 I - an uncursed ring of resist corrosion
 K - an uncursed ring of fire
 T - a +3 ring of evasion (left hand)
Wands
 b - a wand of iceblast (4/15)
 e - a wand of heal wounds (0/9)
 v - a wand of enslavement (8/24)
 C - a wand of iceblast (2/15)
 G - a wand of acid (7/15)
 Q - a wand of confusion (0/48)
 Y - a wand of teleportation (0/9)
Scrolls
 f - a scroll of holy word
 k - 12 scrolls of identify
 m - 2 scrolls of recharging
 p - 9 scrolls of remove curse
 r - 4 scrolls of amnesia
 t - 3 scrolls of enchant weapon
 u - 2 scrolls of brand weapon
 B - a scroll of magic mapping
 D - 4 scrolls of fog
 R - a scroll of enchant armour
Potions
 w - 2 potions of ambrosia
 z - a potion of magic
 A - 7 potions of curing
 H - a potion of haste
 S - a potion of might
 W - a potion of berserk rage
Books
 Z - a Young Poisoner's Handbook

   Spells                             Type                      Level
   a - Sting                          Conjuration/Poison           1
   b - Mephitic Cloud                 Conjuration/Poison/Air       3
   c - Olgreb's Toxic Radiance        Poison                       4
   d - Alistair's Intoxication        Transmutation/Poison         5
   e - Venom Bolt                     Conjuration/Poison           5
Miscellaneous
 M - a disc of storms
 N - a fan of gales
 O - a lamp of fire
Comestibles
 g - 8 fruits
 h - 4 meat rations
 o - 16 royal jellies
 q - 5 bread rations
 V - 6 beef jerkies
 X - a slice of pizza


   Skills:
 + Level 13.4 Fighting
 - Level 13.4 Axes
 - Level 13.9 Armour
 - Level 5.2 Dodging
 - Level 14.8 Shields
 - Level 12.6 Invocations
 - Level 5.9 Evocations


You had 14 spell levels left.
You didn't know any spells.

Dungeon Overview and Level Annotations

Branches:
Dungeon (15/15)            Temple (1/1) D:6            Lair (6/6) D:10
  Swamp (0/4) Lair:2       Spider (0/4) Lair:2        Slime (0/5) Lair:5
    Orc (2/2) D:12            Elf (0/3) Orc:2        Vaults (0/5) D:13
 Depths (1/5) D:15

Altars:
Ashenzari
Cheibriados
Dithmenos
Elyvilon
Fedhas
Gozag
Hepliaklqana
Kikubaaqudgha
Makhleb
Nemelex Xobeh
Okawaru
Qazlal
Ru
Sif Muna
Trog
Uskayaw
Vehumet
Xom
Yredelemnul
Zin
The Shining One
Jiyva

Shops:
D:8 *}}(   D:11 !   Orc:1 *   Orc:2 [*[*

Annotations:
Depths:1 Rupert


Innate Abilities, Weirdness & Mutations

You are resistant to damage.
You can recharge devices by infusing magical energy.
You resist negative energy. (rN+)
You passively map the area around you.
You do not regenerate.


Message History

Rupert hits you with a great mace of protection.
The ettin hits you but does no damage. The ettin hits you with a great mace!!
The vampire knight hits you with a great mace!
* * * LOW HITPOINT WARNING * * *
The vampire knight bites you but does no damage.
Rupert hits you but does no damage.
The vampire knight hits you with a great mace.
* * * LOW HITPOINT WARNING * * *
The vampire knight bites you but does no damage.
The ettin hits you but does no damage. The ettin hits you with a great mace.
* * * LOW HITPOINT WARNING * * *
Rupert hits you with a great mace of protection!
* * * LOW HITPOINT WARNING * * *
The ancient champion casts a spell.
The ancient champion seems to speed up.
The ettin hits you with a dire flail!
* * * LOW HITPOINT WARNING * * *
The ettin hits you with a great mace.
* * * LOW HITPOINT WARNING * * *
The vampire knight hits you with a great mace!!
You die...

, ,, , ,, , , , ,
, ,........ .., ,
, , ,,...###..# ..
, ,, , ,...#(#..#
.# , ,, ...###..#
*.# ,,, ,
,........###.# * ,
............##, *
, , ,,
.........z.@.##,∩,
* ,,
.........V@...## ,
, #########C.....#
* , #...#### , ***
* #!..+ , , , , ,
....# * , , , , ,
, ...... ,, ,
....... ,, , * **
..#######* * * ..*
*,


You could see Rupert, a vampire knight, an ancient champion, an ettin and an
enchanted long sword.

Vanquished Creatures
  Agnes (D:15)
  The ghost of empire the Protected, a journeyman MiFi of Nemelex Xobeh (Orc:2)
  Snorg (D:10)
  3 fire dragons
  A minotaur (Lab)
  A vault guard (D:13)
  7 hydras
  2 catoblepae (Lair:6)
  Erica (Orc:1)
  2 centaur warriors
  3 tengu warriors
  An ogre mage (D:14)
  2 orc high priests (Orc:2)
  4 death yaks (Lair:4)
  Nergalle (Lair:1)
  A fire crab (Lair:6)
  3 skeletal warriors
  3 unseen horrors
  3 hill giants
  2 wizards (D:13)
  Pikel (D:8)
  A wolf spider zombie (D:14)
  A lindwurm (Lair:6)
  3 orc sorcerers (Orc:2)
  2 deep elf magi
  2 orc knights (Orc:2)
  12 ugly things
  2 cyclopes
  6 manticores
  15 elephants
  3 black mambas
  2 molten gargoyles (Lair:6)
  5 spiny frogs
  3 rime drakes
  A redback zombie (D:14)
  A freezing wraith (D:15)
  9 komodo dragons
  A queen bee (D:13)
  An efreet (D:15)
  6 trolls
  2 tengu conjurers
  3 polar bears
  4 meliai
  A wolf spider simulacrum (D:15)
  2 hornets
  8 blink frogs
  2 two-headed ogres (D:14)
  10 slime creatures
  Prince Ribbit (D:6)
  13 dream sheep (Lair:6)
  13 hippogriffs
  A centaur simulacrum (D:15)
  A hill giant zombie (D:12)
  5 wyverns
  3 shadows
  46 yaks
  2 redbacks
  22 humans (D:13)
  A steam dragon (Lair:6)
  6 basilisks
  3 hungry ghosts
  10 vampire mosquitoes
  2 soldier ants
  6 swamp worms (D:12)
  13 water moccasins
  17 orc warriors
  5 porcupines
  6 hell hounds (Lair:6)
  5 ice beasts
  A swamp drake (D:10)
  An eye of draining (D:14)
  8 sky beasts
  A necrophage (D:12)
  A black bear (Lair:2)
  3 phantoms
  16 ogres
  15 centaurs
  4 boggarts (D:15)
  6 wolves (Lair:6)
  15 crocodiles
  2 big kobolds
  19 bullfrogs
  2 wyvern zombies
  6 scorpions
  3 troll zombies (D:12)
  14 killer bees
  3 electric eels
  6 crimson imps
  5 howler monkeys
  5 lava snakes (Lair:6)
  3 bullfrog zombies
  4 centaur zombies
  8 hounds
  A jelly (D:14)
  16 orc priests
  6 centaur skeletons
  A bullfrog skeleton (D:8)
  3 iguanas
  26 orc wizards
  18 worker ants
  4 ogre zombies (D:12)
  A hound zombie (D:5)
  3 hound skeletons
  8 gnolls (D:4)
  A howler monkey skeleton (D:11)
  11 adders
  4 shadow imps
  3 oozes
  2 adder skeletons
  An adder zombie (D:4)
  20 worms
  5 dart slugs
  7 leopard geckos
  75 orcs
  11 bats
  5 giant cockroaches
  5 goblins
  5 hobgoblins
  9 jackals
  17 kobolds
  3 quokkas
  5 frilled lizards
  A goblin skeleton (D:12)
  A goblin zombie (D:12)
  5 hobgoblin zombies (D:12)
  4 orc skeletons (D:12)
  14 orc zombies (D:12)
  2 quokka zombies (D:5)
  11 rats
  3 fungi
  3 plants
804 creatures vanquished.

Vanquished Creatures (collateral kills)
  The ghost of Azzok the Severer, a journeyman MiBe of Trog (D:15)
  2 hydras
  An orc high priest (Orc:2)
  2 death yaks (Lair:4)
  A skeletal warrior (D:11)
  A lindwurm (Lair:6)
  2 orc knights (Orc:2)
  A manticore (D:13)
  An elephant (Lair:6)
  A spiny frog (Lair:5)
  2 komodo dragons (Lair:6)
  2 meliai (D:13)
  A shadow (D:13)
  2 basilisks
  An orc warrior (Orc:2)
  2 bullfrogs
  10 killer bees (D:13)
  2 orc priests (D:13)
  An orc (D:13)
36 creatures vanquished.

Vanquished Creatures (others)
  A bush (Lair:6)
  11 fungi
  16 plants
28 creatures vanquished.

Grand Total: 868 creatures vanquished

Notes
Turn   | Place    | Note
-------+----------+-------------------------------------------
     0 | D:1      | vatarom the Deep Dwarf Fighter began the quest for the Orb.
     0 | D:1      | Reached XP level 1. HP: 20/20 MP: 1/1
   138 | D:1      | Reached XP level 2. HP: 20/27 MP: 2/2
   480 | D:2      | Reached XP level 3. HP: 30/33 MP: 3/3
   756 | D:2      | Reached XP level 4. HP: 36/40 MP: 4/4
  1002 | D:2      | Found a blossoming altar of Fedhas.
  1149 | D:3      | Reached skill level 1 in Evocations
  1157 | D:3      | HP: 2/40 [orc priest/divine providence (12)]
  1284 | D:3      | Reached XP level 5. HP: 31/46 MP: 7/7
  1354 | D:3      | Found a bloodstained altar of Trog.
  1847 | D:2      | Reached skill level 5 in Evocations
  1920 | D:4      | Reached XP level 6. HP: 44/55 MP: 10/10
  2448 | D:4      | Reached skill level 4 in Shields
  2638 | D:4      | Noticed a sky beast
  2673 | D:4      | Killed a sky beast
  2673 | D:4      | Reached XP level 7. HP: 38/63 MP: 11/11
  2693 | D:4      | Reached skill level 5 in Fighting
  2693 | D:4      | Reached skill level 6 in Shields
  2693 | D:4      | Reached XP level 8. HP: 46/76 MP: 12/12
  2930 | D:5      | Entered Level 5 of the Dungeon
  2952 | D:5      | Reached skill level 7 in Shields
  3324 | D:5      | Reached skill level 1 in Dodging
  3830 | D:6      | Noticed Prince Ribbit
  3846 | D:6      | Killed Prince Ribbit
  3888 | D:6      | Gained mutation: You are partially covered in slimy green scales. (AC +2) [potion of beneficial mutation]
  3899 | D:6      | Found a stormy altar of Qazlal.
  3903 | D:6      | Noticed an air elemental
  4107 | D:6      | Gained mutation: You passively map the area around you. [Deep Dwarf growth]
  4107 | D:6      | Reached XP level 9. HP: 39/82 MP: 11/11
  4422 | D:6      | Reached skill level 8 in Shields
  4646 | D:6      | Found a staircase to the Ecumenical Temple.
  4775 | Temple   | Entered the Ecumenical Temple
  4828 | Temple   | Became a worshipper of Makhleb the Destroyer
  5096 | D:7      | Reached skill level 5 in Dodging
  5379 | D:7      | Found a glowing golden altar of the Shining One.
  5666 | D:7      | Reached skill level 9 in Shields
  5691 | D:8      | Reached * piety under Makhleb
  5697 | D:8      | Reached XP level 10. HP: 64/92 MP: 12/12
  5739 | D:8      | Found Fumokya's Antique Weapon Shop.
  5779 | D:8      | Found a deep blue altar of Sif Muna.
  5892 | D:8      | Found Juedghit's Gadget Emporium.
  6199 | D:8      | Found Bir Qugh's Gadget Shop.
  6203 | D:8      | Bought a wand of iceblast (8/15) for 168 gold pieces
  6219 | D:8      | Found Loramise's General Store.
  6252 | D:8      | Lost mutation: You are partially covered in slimy green scales. (AC +2) [potion of cure mutation]
  6271 | D:8      | Noticed Pikel
  6280 | D:8      | Killed Pikel
  6584 | D:9      | Reached ** piety under Makhleb
  6776 | D:9      | Found a bloodstained altar of Trog.
  6803 | D:9      | Found a hazy altar of Hepliaklqana.
  7098 | D:9      | Reached skill level 10 in Shields
  7295 | D:10     | Entered Level 10 of the Dungeon
  7531 | D:10     | Noticed Snorg
  7548 | D:10     | Killed Snorg
  7636 | D:10     | Reached XP level 11. HP: 50/104 MP: 12/12
  7673 | D:10     | Found a staircase to the Lair.
  7689 | D:10     | Noticed a hill giant
  7855 | D:10     | Killed an unseen horror
  8034 | D:10     | Reached skill level 11 in Shields
  8190 | D:10     | Killed a hill giant
  8366 | D:11     | Noticed a skeletal warrior
  8367 | D:11     | Noticed a skeletal warrior
  8368 | D:11     | Noticed a skeletal warrior
  8425 | Lair:1   | Entered Level 1 of the Lair of Beasts
  8445 | Lair:1   | Reached *** piety under Makhleb
  8486 | Lair:1   | Noticed Nergalle
  8522 | Lair:1   | Killed Nergalle
  8612 | Lair:1   | Reached skill level 12 in Shields
  8612 | Lair:1   | Reached skill level 10 in Fighting
  9578 | Lair:2   | Reached XP level 12. HP: 104/116 MP: 12/14
  9726 | Lair:2   | Found a labyrinth entrance.
  9768 | Lab      | Entered a labyrinth
 10269 | Lab      | Noticed a minotaur
 10280 | Lab      | Killed a minotaur
 10412 | Lair:2   | Found a staircase to the Swamp.
 10515 | Lair:2   | Found a hole to the Spider Nest.
 10604 | Lair:2   | Reached skill level 10 in Invocations
 11047 | Lair:3   | Reached **** piety under Makhleb
 11082 | Lair:3   | Reached skill level 13 in Shields
 11497 | Lair:3   | Found a dark tunnel.
 11865 | Lair:4   | Noticed a death yak
 11879 | Lair:4   | Killed a death yak
 11883 | Lair:4   | Noticed a death yak
 11883 | Lair:4   | Noticed a death yak
 11883 | Lair:4   | Noticed a death yak
 11883 | Lair:4   | Noticed a death yak
 11884 | Lair:4   | Noticed a death yak
 12114 | Lair:4   | Killed a death yak
 12114 | Lair:4   | Reached XP level 13. HP: 66/123 MP: 17/17
 12136 | Lair:4   | Reached skill level 10 in Axes
 12911 | Lair:5   | Found a viscous altar of Jiyva.
 12912 | Lair:5   | Found a staircase to the Slime Pits.
 13069 | Lair:6   | Entered Level 6 of the Lair of Beasts
 13150 | Lair:6   | Reached skill level 14 in Shields
 13332 | Lair:6   | Got a smoking trident
 13333 | Lair:6   | Identified the +4 trident "Azabrany" {protect, +Inv} (You found it on level 6 of the Lair of Beasts)
 13958 | Lair:6   | Reached ***** piety under Makhleb
 14087 | Lair:6   | Gained mutation: You resist negative energy. (rN+) [Deep Dwarf growth]
 14087 | Lair:6   | Reached XP level 14. HP: 132/132 MP: 17/17
 14166 | Lair:6   | Found a large runed door.
 14166 | Lair:6   | Found a large runed door.
 14240 | Lair:6   | HP: 3/132 [molten gargoyle/bolt of magma (13)]
 14965 | D:11     | Found a glowing silver altar of Zin.
 15057 | D:11     | Paralysed by a hornet for 3 turns
 15066 | D:11     | Paralysed by a hornet for 2 turns
 15117 | D:11     | Found Wugek's Distillery.
 15158 | D:11     | Bought a potion of heal wounds for 80 gold pieces
 15158 | D:11     | Bought a potion of curing for 48 gold pieces
 15158 | D:11     | Bought a potion of curing for 48 gold pieces
 15158 | D:11     | Bought a potion of curing for 48 gold pieces
 15158 | D:11     | Bought a potion of curing for 48 gold pieces
 15158 | D:11     | Bought a potion of curing for 48 gold pieces
 15311 | D:11     | Reached skill level 10 in Armour
 16134 | D:12     | Found a staircase to the Orcish Mines.
 16529 | D:12     | Got a heavily runed ring mail
 16531 | D:12     | Identified the +1 ring mail of Makhleb's Favour {rElec} (You found it on level 12 of the Dungeon)
 17605 | D:8      | Bought a +3 plate armour of cold resistance for 630 gold pieces
 18038 | D:13     | Reached ****** piety under Makhleb
 18116 | D:13     | Found a gate to the Vaults.
 18139 | D:13     | Reached XP level 15. HP: 138/138 MP: 14/14
 19202 | D:15     | Entered Level 15 of the Dungeon
 19202 | D:15     | Noticed Azzok's ghost (journeyman MiBe)
 19254 | D:15     | Killed Azzok's ghost
 19268 | D:15     | Got a smoking robe
 19269 | D:15     | Identified the +0 robe "Ihyoneim" {rCorr Dex+3} (You found it on level 15 of the Dungeon)
 19296 | D:15     | Found a shadowy altar of Dithmenos.
 19328 | D:15     | Found a staircase to the Depths.
 19981 | D:8      | Bought a +0 helmet of see invisible for 161 gold pieces
 20334 | D:15     | Found a white marble altar of Elyvilon.
 20969 | Orc:1    | Entered Level 1 of the Orcish Mines
 20969 | Orc:1    | Found Viptael's Assorted Antiques.
 20970 | Orc:1    | Noticed Erica
 20977 | Orc:1    | Killed Erica
 21342 | Orc:2    | Entered Level 2 of the Orcish Mines
 21342 | Orc:2    | Found a staircase to the Elven Halls.
 21345 | Orc:2    | Noticed empire's ghost (journeyman MiFi)
 21443 | Orc:2    | Killed empire's ghost
 21842 | Orc:2    | Found Fynli's Antique Armour Emporium.
 21842 | Orc:2    | Found Ynup Xaph's Assorted Antiques.
 21844 | Orc:2    | Found Uffube's Armour Emporium.
 21844 | Orc:2    | Found Joroec's Assorted Antiques.
 21858 | Orc:2    | Bought an embroidered cloak for 262 gold pieces
 21865 | Orc:2    | Bought a warped scale mail for 216 gold pieces
 21865 | Orc:2    | Bought a jewelled scale mail for 216 gold pieces
 21869 | Orc:2    | Identified the +5 scale mail of Otiw {rCorr} (You bought it in a shop on level 2 of the Orcish Mines)
 21870 | Orc:2    | Identified the +1 scale mail of Igytuyxt {rElec rC- Dex+3 SInv} (You bought it in a shop on level 2 of the Orcish Mines)
 22227 | Depths:1 | Entered Level 1 of the Depths
 22228 | Depths:1 | Noticed Agnes
 22230 | Depths:1 | Noticed Rupert
 22236 | Depths:1 | Noticed an ancient champion
 22260 | D:15     | Killed Agnes
 22263 | Depths:1 | Paralysed by Rupert for 6 turns
 22267 | Depths:1 | Mangled by a vampire knight

Skill      XL: |  1  2  3  4  5  6  7  8  9 10 11 12 13 14 15 |
---------------+----------------------------------------------+-----
Axes           | 3 4 8 9 13 | 13.4
Evocations     | 3 5 |  5.9
Fighting       | 3 5 6 8 10 13 | 13.4
Shields        | 4 6 7 9 10 12 13 14 | 14.8
Armour         | 8 13 | 13.9
Invocations    | 6 8 12 | 12.6
Dodging        | 2 5 |  5.2

Action                   |  1- 3 |  4- 6 |  7- 9 | 10-12 | 13-15 || total
-------------------------+-------+-------+-------+-------+-------++-------
Melee: War axe           |   110 |   274 |   301 |   835 |  1936 ||  3456
       Hand axe          |       |    17 |       |       |       ||    17
Invok: Minor Destruction |       |       |       |    11 |     2 ||    13
       Lesser Servant of |       |       |       |     4 |    14 ||    18
       Major Destruction |       |       |       |     1 |     3 ||     4
       Greater Servant o |       |       |       |       |     6 ||     6
 Abil: Device Recharging |       |       |     2 |     3 |     7 ||    12
Evoke: Wand              |     1 |    11 |    10 |    19 |    39 ||    80
       Rod               |       |       |       |     3 |    14 ||    17
       Disc of storms    |       |       |       |     2 |     4 ||     6
       Lamp of fire      |       |       |       |     1 |     3 ||     4
       Fan of gales      |       |       |       |     1 |     1 ||     2
  Use: Scroll            |     1 |     6 |     7 |    10 |    16 ||    40
       Potion            |     1 |     5 |     6 |     9 |     9 ||    30
 Stab: Invisible         |       |       |     1 |     1 |       ||     2
       Distracted        |       |       |       |     1 |     7 ||     8
       Petrified         |       |       |       |       |    13 ||    13
       Petrifying        |       |       |       |       |     3 ||     3
  Eat: Chunk             |       |     2 |     7 |     3 |     2 ||    14
       Bread ration      |       |     1 |       |     5 |     3 ||     9
       Pizza             |       |       |     2 |     3 |     2 ||     7
       Fruit             |       |       |     2 |     1 |       ||     3
       Meat ration       |       |       |       |       |     2 ||     2
       Beef jerky        |       |       |       |       |     2 ||     2
       Royal jelly       |       |       |       |       |     7 ||     7
Armor: Scale mail        |    44 |   152 |   123 |    19 |       ||   338
       Plate armour      |       |       |       |   402 |   864 ||  1266
Dodge: Dodged            |    44 |    87 |   106 |   321 |   712 ||  1270
Block: Shield            |    76 |   168 |   187 |   690 |  1502 ||  2623
